3AAA
RAPPAHANNOCK PARTISANS @ VERMONT LAKE MONSTERS
08/04/2019
 
TOP OF THE 1ST
Rappahannock Partisans batting - Pitching for Vermont Lake Monsters : RHP Alberto Robles
Pitching: RHP Alberto Robles
Batting: RHB Kyle Dempsey 0-0: Ball
1-0: Ball
2-0: SINGLE (Groundball, 56)
Batting: RHB Pablo Lugo 0-0: Ball
1-0: Ball
Wild Pitch!
Kyle Dempsey to second
2-0: Called Strike
2-1: SINGLE (Line Drive, 7S)
Kyle Dempsey to third
Batting: RHB Tom Baker 0-0: Ball
1-0: Called Strike
1-1: Grounds into double play, 4-6-3 (Groundball, 4)
Kyle Dempsey scores
Batting: LHB Robert Bond 0-0: Ball
1-0: Ball
2-0: Ball
3-0: Called Strike
3-1: Ground out 1-3 (Groundball, 25)
Top of the 1st over - 1 run(s), 2 hit(s), 0 error(s), 0 left on base; Rappahannock 1 - Vermont 0
BOTTOM OF THE 1ST
Vermont Lake Monsters batting - Pitching for Rappahannock Partisans : RHP Ed MacCeallaich
Pitching: RHP Ed MacCeallaich
Batting: LHB Dave Burns 0-0: Swinging Strike
0-1: Foul Ball, location: 2F
0-2: Ball
1-2: Strikes out swinging
Batting: RHB Teddy Pelham 0-0: Called Strike
0-1: Ball
1-1: SINGLE (Groundball, 6MD)
Batting: LHB John Brewer 0-0: Ball
1-0: Foul Ball, location: 2F
1-1: Ball
2-1: Swinging Strike
2-2: Foul Ball, location: 2F
2-2: Foul Ball, location: 2F
2-2: Foul Ball, location: 2F
2-2: Strikes out swinging
Batting: RHB Gonzalo Núñez 0-0: Ball
Teddy Pelham is caught stealing 2nd base
Bottom of the 1st over - 0 run(s), 1 hit(s), 0 error(s), 0 left on base; Rappahannock 1 - Vermont 0
TOP OF THE 2ND
Rappahannock Partisans batting - Pitching for Vermont Lake Monsters : RHP Alberto Robles
Batting: RHB San-gui Liang 0-0: Foul Ball, location: 2F
0-1: Fly out, F9 (Flyball, 89D)
Batting: RHB Mal Phillips 0-0: Called Strike
0-1: Ball
1-1: Ball
2-1: Foul Ball, location: 2F
2-2: Ball
3-2: SOLO HOME RUN (Flyball, 7D), Distance : 388 ft
Batting: RHB Ricardo Pérez 0-0: Foul Ball, location: 2F
0-1: Ball
1-1: Ball
2-1: Ball
3-1: Fly out, F8 (Flyball, 8RS)
Batting: RHB José Mata 0-0: Fly out, F7 (Line Drive, 78M)
Top of the 2nd over - 1 run(s), 1 hit(s), 0 error(s), 0 left on base; Rappahannock 2 - Vermont 0
BOTTOM OF THE 2ND
Vermont Lake Monsters batting - Pitching for Rappahannock Partisans : RHP Ed MacCeallaich
Batting: RHB Gonzalo Núñez 0-0: Ball
1-0: Called Strike
1-1: Ball
2-1: Ball
3-1: Called Strike
3-2: Foul Ball, location: 2F
3-2: Foul Ball, location: 2F
3-2: Base on Balls
Batting: RHB Pat Ings 0-0: Called Strike
0-1: Ball
1-1: Foul Ball, location: 2F
1-2: Ball
2-2: Ball
3-2: SINGLE (Groundball, 34D)
Gonzalo Núñez to second
Gonzalo Núñez to third
Batting: RHB Carlos Santos 0-0: Foul Ball, location: 2F
0-1: Foul Ball, location: 2F
0-2: Foul Ball, location: 2F
Error on foul ball, E7
0-2: Ball
1-2: Ball
2-2: Ball
3-2: Base on Balls
Pat Ings to second
Batting: RHB Júlio Santos 0-0: Called Strike
0-1: Ball
1-1: Ball
2-1: Foul Ball, location: 2F
2-2: Fly out, F4 (Flyball, 4D)
Batting: RHB Ralph May 0-0: Ball
1-0: Ball
2-0: Called Strike
2-1: Swinging Strike
2-2: Ball
3-2: Foul Ball, location: 2F
3-2: Foul Ball, location: 2F
3-2: Foul Ball, location: 2F
3-2: Base on Balls
Gonzalo Núñez scores
Pat Ings to third
Carlos Santos to second
Batting: LHB Tim Hill 0-0: Swinging Strike
0-1: Called Strike
0-2: Ball
1-2: Strikes out swinging
Batting: LHB Dave Burns 0-0: Ball
1-0: Foul Ball, location: 2F
1-1: Called Strike
1-2: Foul Ball, location: 2F
1-2: Ball
2-2: DOUBLE (Line Drive, 5D)
Pat Ings scores
Carlos Santos scores
Ralph May to third
Runner from 3rd tries for Home, SAFE, no throw or cutoff
Batting: RHB Teddy Pelham 0-0: Ball
1-0: Ball
2-0: Ball
3-0: Called Strike
3-1: Fly out, F7 (Flyball, 8LS)
Bottom of the 2nd over - 4 run(s), 2 hit(s), 1 error(s), 1 left on base; Rappahannock 2 - Vermont 4
TOP OF THE 3RD
Rappahannock Partisans batting - Pitching for Vermont Lake Monsters : RHP Alberto Robles
Batting: RHB Tim Wilson 0-0: Ball
1-0: Foul Ball, location: 2F
1-1: Ball
2-1: Swinging Strike
2-2: Fly out, F3 (Line Drive, 3)
Batting: RHB Kyle Dempsey 0-0: Ball
1-0: Called Strike
1-1: Fly out, F7 (Line Drive, 7S)
Batting: RHB Pablo Lugo 0-0: Ball
1-0: Ball
2-0: Ball
3-0: Called Strike
3-1: Called Strike
3-2: Fly out, F9 (Flyball, 9M)
Top of the 3rd over - 0 run(s), 0 hit(s), 0 error(s), 0 left on base; Rappahannock 2 - Vermont 4
BOTTOM OF THE 3RD
Vermont Lake Monsters batting - Pitching for Rappahannock Partisans : RHP Ed MacCeallaich
Batting: LHB John Brewer 0-0: Foul Ball, location: 2F
0-1: Foul Ball, location: 2F
0-2: Ground out 4-3 (Groundball, 4)
Batting: RHB Gonzalo Núñez 0-0: Ball
1-0: Ball
2-0: Fly out, F4 (Popup, 4MD)
Batting: RHB Pat Ings 0-0: Ball
1-0: Swinging Strike
1-1: Swinging Strike
1-2: Strikes out swinging
Bottom of the 3rd over - 0 run(s), 0 hit(s), 0 error(s), 0 left on base; Rappahannock 2 - Vermont 4
TOP OF THE 4TH
Rappahannock Partisans batting - Pitching for Vermont Lake Monsters : RHP Alberto Robles
Batting: RHB Tom Baker 0-0: Ball
1-0: Ball
2-0: SINGLE (Groundball, 34D) (infield hit)
Batting: LHB Robert Bond 0-0: Called Strike
0-1: Ball
1-1: SINGLE (Groundball, 34D) (infield hit)
Tom Baker to second
Batting: RHB San-gui Liang 0-0: Foul Ball, location: 2F
0-1: 3-RUN HOME RUN (Flyball, 7LD), Distance : 368 ft
Batting: RHB Mal Phillips 0-0: Called Strike
0-1: Ground out 5-3 (Groundball, 5S)
Batting: RHB Ricardo Pérez 0-0: Called Strike
0-1: Ground out 5-3 (Groundball, 5)
Batting: RHB José Mata 0-0: Ball
1-0: Foul Ball, location: 2F
1-1: Ball
2-1: Foul Ball, location: 2F
2-2: Ball
3-2: Ground out 4-3 (Groundball, 13)
Top of the 4th over - 3 run(s), 3 hit(s), 0 error(s), 0 left on base; Rappahannock 5 - Vermont 4
BOTTOM OF THE 4TH
Vermont Lake Monsters batting - Pitching for Rappahannock Partisans : RHP Ed MacCeallaich
Batting: RHB Carlos Santos 0-0: Called Strike
0-1: Called Strike
0-2: SINGLE (Line Drive, 78S)
Batting: RHB Júlio Santos 0-0: Swinging Strike
0-1: Foul Ball, location: 2F
0-2: 2-RUN HOME RUN (Flyball, 7D), Distance : 396 ft
Pitching: RHP Cam Davidson
Batting: RHB Ralph May 0-0: Ball
1-0: Swinging Strike
1-1: Called Strike
1-2: SINGLE (Line Drive, 56D)
Batting: LHB Tim Hill 0-0: Ball
1-0: Ball
2-0: Foul Ball, location: 2F
2-1: Swinging Strike
2-2: Foul Ball, location: 2F
2-2: Foul Ball, location: 2F
2-2: Ground out 5-3 (Groundball, 5S)
Ralph May to second
Batting: LHB Dave Burns 0-0: Ball
1-0: Called Strike
1-1: Fly out, F9 (Flyball, 9LM)
Batting: RHB Teddy Pelham 0-0: Ground out 5-3 (Groundball, 56)
Bottom of the 4th over - 2 run(s), 3 hit(s), 0 error(s), 1 left on base; Rappahannock 5 - Vermont 6
TOP OF THE 5TH
Rappahannock Partisans batting - Pitching for Vermont Lake Monsters : RHP Alberto Robles
Batting: RHB Tim Wilson 0-0: Ball
1-0: Ball
2-0: Ball
3-0: Called Strike
3-1: Swinging Strike
3-2: Strikes out swinging
Batting: RHB Kyle Dempsey 0-0: Called Strike
0-1: Ball
1-1: Ball
2-1: SINGLE (Line Drive, 78S)
Batting: RHB Pablo Lugo 0-0: Called Strike
0-1: Ball
1-1: Swinging Strike
1-2: Strikes out swinging
Batting: RHB Tom Baker 0-0: Ball
Kyle Dempsey steals 2nd base
1-0: Foul Ball, location: 2F
1-1: Ball
2-1: Ball
3-1: Called Strike
3-2: Base on Balls
Pitching: RHP Branislav Stankovic
Batting: LHB Robert Bond 0-0: Ball
1-0: Called Strike
1-1: Ball
2-1: Foul Ball, location: 2F
2-2: Foul Ball, location: 2F
2-2: Strikes out swinging
Top of the 5th over - 0 run(s), 1 hit(s), 0 error(s), 2 left on base; Rappahannock 5 - Vermont 6
BOTTOM OF THE 5TH
Vermont Lake Monsters batting - Pitching for Rappahannock Partisans : RHP Cam Davidson
Batting: LHB John Brewer 0-0: Called Strike
0-1: Called Strike
0-2: Ball
1-2: Ground out 4-3 (Groundball, 4)
Batting: RHB Gonzalo Núñez 0-0: Ball
1-0: Called Strike
1-1: Ball
2-1: Called Strike
2-2: Strikes out swinging
Batting: RHB Pat Ings 0-0: Ball
1-0: Ball
2-0: Ball
3-0: Called Strike
3-1: Foul Ball, location: 2F
3-2: Base on Balls
Batting: RHB Carlos Santos 0-0: Ball
1-0: Ball
2-0: Fly out, F6 (Popup, 6MS)
Bottom of the 5th over - 0 run(s), 0 hit(s), 0 error(s), 1 left on base; Rappahannock 5 - Vermont 6
TOP OF THE 6TH
Rappahannock Partisans batting - Pitching for Vermont Lake Monsters : RHP Branislav Stankovic
Batting: RHB San-gui Liang 0-0: Ball
1-0: Called Strike
1-1: Ground out 4-3 (Groundball, 4)
Batting: RHB Mal Phillips 0-0: Called Strike
0-1: SINGLE (Line Drive, 56)
Batting: RHB Ricardo Pérez 0-0: Ball
1-0: Foul Ball, location: 2F
1-1: Ball
Passed Ball!
Mal Phillips to second
2-1: Ball
3-1: Base on Balls
Batting: RHB José Mata 0-0: Grounds into double play, U6-3 (Groundball, 6M)
Top of the 6th over - 0 run(s), 1 hit(s), 0 error(s), 1 left on base; Rappahannock 5 - Vermont 6
BOTTOM OF THE 6TH
Vermont Lake Monsters batting - Pitching for Rappahannock Partisans : RHP Cam Davidson
Batting: RHB Júlio Santos 0-0: Foul Ball, location: 2F
0-1: SINGLE (Groundball, 56D)
Pitching: RHP Gilberto Ibarra
Batting: RHB Ralph May 0-0: Called Strike
0-1: Ball
1-1: Foul Ball, location: 2F
1-2: DOUBLE (Flyball, 89M)
Júlio Santos to third
Batting: LHB Tim Hill 0-0: Called Strike
0-1: Ball
1-1: Ball
2-1: Fly out, F6 (Popup, 6)
Batting: LHB Dave Burns 0-0: Intentional Walk
Batting: RHB Teddy Pelham 0-0: Ball
1-0: Foul Ball, location: 2F
1-1: Called Strike
1-2: Ball
2-2: Ball
3-2: SINGLE (Line Drive, 4MD)
Júlio Santos scores
Ralph May to third
Dave Burns to second
Batting: LHB John Brewer 0-0: Ball
1-0: Swinging Strike
1-1: Foul Ball, location: 2F
1-2: Ball
2-2: Ground out 3-1 (Groundball, 34)
Ralph May scores
Dave Burns to third
Teddy Pelham to second
Batting: RHB Gonzalo Núñez 0-0: Swinging Strike
0-1: Ball
1-1: Ball
2-1: Ball
3-1: Base on Balls
Batting: RHB Pat Ings 0-0: Foul Ball, location: 2F
0-1: Ball
1-1: Ball
2-1: Ball
3-1: Called Strike
3-2: Base on Balls
Dave Burns scores
Teddy Pelham to third
Gonzalo Núñez to second
Pitching: RHP Jon Shankle
Batting: RHB Carlos Santos 0-0: Ball
1-0: Fly out, F8 (Flyball, 89XD)
Bottom of the 6th over - 3 run(s), 3 hit(s), 0 error(s), 3 left on base; Rappahannock 5 - Vermont 9
TOP OF THE 7TH
Rappahannock Partisans batting - Pitching for Vermont Lake Monsters : RHP Branislav Stankovic
Batting: RHB Tim Wilson 0-0: Fly out, F8 (Flyball, 8LM)
Batting: RHB Kyle Dempsey 0-0: Called Strike
0-1: Called Strike
0-2: Ball
1-2: Strikes out swinging
Batting: RHB Pablo Lugo 0-0: SINGLE (Line Drive, 6D)
Batting: RHB Tom Baker 0-0: Ball
1-0: Foul Ball, location: 2F
1-1: Foul Ball, location: 2F
1-2: Strikes out swinging
Top of the 7th over - 0 run(s), 1 hit(s), 0 error(s), 1 left on base; Rappahannock 5 - Vermont 9
BOTTOM OF THE 7TH
Vermont Lake Monsters batting - Pitching for Rappahannock Partisans : RHP Jon Shankle
Batting: RHB Júlio Santos 0-0: Ball
1-0: SINGLE (Line Drive, 4M)
Batting: RHB Ralph May 0-0: Ball
1-0: Called Strike
1-1: Fly out, F6 (Popup, 6D)
Batting: LHB Tim Hill 0-0: Ball
1-0: Ball
2-0: Ball
3-0: Called Strike
3-1: Foul Ball, location: 2F
3-2: Fly out, F6 (Line Drive, 6)
Batting: LHB Dave Burns 0-0: Ball
1-0: Foul Ball, location: 2F
1-1: Ball
2-1: Foul Ball, location: 2F
2-2: Ball
3-2: Strikes out swinging
Bottom of the 7th over - 0 run(s), 1 hit(s), 0 error(s), 1 left on base; Rappahannock 5 - Vermont 9
TOP OF THE 8TH
Rappahannock Partisans batting - Pitching for Vermont Lake Monsters : RHP Branislav Stankovic
Pitching: RHP Reynaldo Díaz
Batting: LHB Robert Bond 0-0: Ball
1-0: Ball
2-0: Ball
3-0: Swinging Strike
3-1: Swinging Strike
3-2: Foul Ball, location: 2F
3-2: Foul Ball, location: 2F
3-2: Foul Ball, location: 2F
3-2: Fly out, F7 (Popup, 78S)
Batting: RHB San-gui Liang 0-0: Ball
1-0: Foul Ball, location: 2F
1-1: Ball
2-1: Fly out, F8 (Flyball, 8LM)
Batting: RHB Mal Phillips 0-0: Ball
1-0: Foul Ball, location: 2F
1-1: Ball
2-1: Foul Ball, location: 2F
2-2: Strikes out swinging
Top of the 8th over - 0 run(s), 0 hit(s), 0 error(s), 0 left on base; Rappahannock 5 - Vermont 9
BOTTOM OF THE 8TH
Vermont Lake Monsters batting - Pitching for Rappahannock Partisans : RHP Jon Shankle
Batting: RHB Teddy Pelham 0-0: Called Strike
0-1: Ball
1-1: Called Strike
1-2: Foul Ball, location: 2F
1-2: Ball
2-2: Strikes out swinging
Batting: LHB John Brewer 0-0: Ball
1-0: Called Strike
1-1: Swinging Strike
1-2: Foul Ball, location: 2F
1-2: Foul Ball, location: 2F
1-2: Hit by Pitch
Batting: RHB Gonzalo Núñez 0-0: Ball
1-0: Ball
2-0: Ball
3-0: Called Strike
3-1: Called Strike
3-2: Base on Balls
John Brewer to second
Batting: RHB Pat Ings 0-0: Ball
1-0: Ball
2-0: Foul Ball, location: 2F
2-1: Ball
3-1: Grounds into double play, 6-4-3 (Groundball, 56)
Bottom of the 8th over - 0 run(s), 0 hit(s), 0 error(s), 1 left on base; Rappahannock 5 - Vermont 9
TOP OF THE 9TH
Rappahannock Partisans batting - Pitching for Vermont Lake Monsters : RHP Reynaldo Díaz
Batting: RHB Ricardo Pérez 0-0: Fly out, F4 (Popup, 4D)
Batting: RHB José Mata 0-0: Ball
1-0: Swinging Strike
1-1: Ball
2-1: Foul Ball, location: 2F
2-2: Fly out, F2 (Popup, 23F)
Batting: RHB Tim Wilson 0-0: Ball
1-0: Ball
2-0: Foul Ball, location: 2F
2-1: SINGLE (Line Drive, 6MD)
Batting: RHB Kyle Dempsey 0-0: Called Strike
0-1: Fielders Choice at 2nd, U6 (Groundball, 6M)
Top of the 9th over - 0 run(s), 1 hit(s), 0 error(s), 1 left on base; Rappahannock 5 - Vermont 9
This league is powered by Out of the Park Baseball, the baseball management simulation game for PC, Mac and Linux
Saturday, July 25th, 2015 - OOTP Baseball 15.6 Build 34